cohdb
Replays
Latest Replays
All Replays
Popular Replays
Top Player Replays
Match Explorer
How It Works
Community
CoH3 Stats
Reddit
Sign in to upload your games and track your stats! →
Sign in with Steam
Match 46920057
Unlisted
Match 46920057
Overview
Messages
Build Orders
End
Scout Squad
Construct Weapon Support Center
M1919 Machine Gun Team
M1919 Machine Gun Team
Bazooka Squad
Infantry Support Center
Selects Special Operations Battlegroup
M3 Armored Personnel Carrier
Selects Raiding Flares
Raiding Flares
Selects M29 Weasel Recon Vehicle
Construct Tank Depot
ShoulderGuyGuy
Marowi
Adult Asthma Is A Choice
Not Emily Willis™
LeonSM
tihs86
Azorean03
Ardemez
0
0
Comments
sign in to comment!
No comments posted yet!